 Dungeon Crawl Stone Soup version 0.18.1-50-g88ac8fd (webtiles) character file.

109 magog001 the Shield-Bearer (level 4, -2/40 HPs)
             Began as a Minotaur Fighter on July 23, 2017.
             Killed by nerve-wracking pain
             ... invoked by an orc priest
              (9 damage)
             ... on level 3 of the Dungeon.
             The game lasted 00:10:34 (1815 turns).

magog001 the Shield-Bearer (Minotaur Fighter)       Turns: 1815, Time: 00:10:35

Health: -2/40      AC:  8    Str: 27    XL:     4   Next: 60%
Magic:  12/12      EV:  9    Int:  5    God:
Gold:   76         SH: 10    Dex:  9    Spells: 0 memorised, 3 levels left

rFire  . . .     SeeInvis .     a - +0 war axe
rCold  . . .     Gourm    .     b - +0 scale mail
rNeg   . . .     Faith    .     c - +0 shield
rPois  .         Spirit   .     (helmet restricted)
rElec  .         Dismiss  .     (no cloak)
rCorr  .         Reflect  .     r - +0 pair of gloves (curse)
SustAt .         Harm     .     (no boots)
MR     .....                    (no amulet)
Stlth  ..........               i - ring of magical power
                                m - +1 ring of evasion

@: mighty, not resistant to hostile enchantments, extremely unstealthy
A: retaliatory headbutt, horns 2
a: no special abilities


You were on level 3 of the Dungeon.
You were not hungry.

You visited 1 branch of the dungeon, and saw 3 of its levels.

You collected 76 gold pieces.

Inventory:

Hand Weapons
 a - a +0 war axe (weapon)
Missiles
 p - 9 poisoned needles
 t - a tomahawk (quivered)
 u - 28 sling bullets
Armour
 b - a +0 scale mail (worn)
 c - a +0 shield (worn)
 r - a cursed +0 pair of gloves (worn)
 s - a pearl dragon hide
Jewellery
 i - a ring of magical power (right hand)
 m - a +1 ring of evasion (left hand)
 n - an uncursed ring of magical power
Scrolls
 e - a scroll of random uselessness {unknown}
 g - 2 scrolls of identify
 h - 2 scrolls of enchant weapon {unknown}
 k - a scroll of enchant armour {unknown}
 q - 2 scrolls of remove curse {unknown}
 v - a scroll of recharging {unknown}
Potions
 l - a potion of agility
 o - a potion of curing {unknown}
Comestibles
 f - 3 bread rations
 j - 5 chunks of flesh


   Skills:
 * Level 4.3 Fighting
 * Level 3.0 Axes
 * Level 4.7 Armour
 + Level 0.7 Dodging
 * Level 4.7 Shields


You had 3 spell levels left.
You didn't know any spells.

Dungeon Overview and Level Annotations

Branches:
Dungeon (3/15)

Altars:
Gozag

Annotations:
D:3 Robin


Innate Abilities, Weirdness & Mutations

You reflexively headbutt those who attack you in melee.
You have a pair of horns on your head.


Message History

A goblin and a hobgoblin come into view.
The goblin shouts!
You hit the orc priest but do no damage.
The orc priest hits you with a flail.
* * * LOW HITPOINT WARNING * * *
A goblin and Robin come into view.
Read which item? (? for menu, Esc to quit)
As you read the scroll labeled RICYMULA INONI, it crumbles to dust.
It is a scroll of identify.
Identify which item? (\ to view known items) (? for menu, Esc to quit)
l - a potion of agility Robin shouts!
The goblin shouts!
The orc priest hits you with a flail.
* * * LOW HITPOINT WARNING * * *
You block the goblin's attack.
Drink which item? (? for menu, Esc to quit)
You feel very mighty all of a sudden.
The orc priest invokes the aid of Beogh against you.
Pain shoots through your body!
You die...

#...#..#.8...8.#...
#...#..#.......#...
##...#.o.o.._.......
#....(.##o......#.=.
#########.#.##(##.8...8.#...
#.........oo##(###.....##...
#.###..##.#o##.# ###.### ...
#.# #...#.#o##)# ..... ###
#.###<..#.#@##.# ##..###
####.#.....#.#g##.# #.##
#...)..รท.....#g##.#
####.#.....#.#g#...
#.##.##...#.#..# .....#
....g#..# #####.# .###g#..#
### .. g..


You could see Robin, an orc priest, 3 orcs, 2 hobgoblins and 3 goblins.

Vanquished Creatures
  6 adders
  An ooze (D:1)
  4 giant geckos
  An orc (D:3)
  6 bats
  7 goblins
  5 hobgoblins
  A quokka (D:2)
  2 ball pythons (D:1)
  6 giant newts
  7 kobolds
  5 rats
51 creatures vanquished.

Notes
Turn   | Place    | Note
--------------------------------------------------------------
     0 | D:1      | magog001 the Minotaur Fighter began the quest for the Orb.
     0 | D:1      | Reached XP level 1. HP: 19/19 MP: 0/0
     6 | D:1      | Noticed a lindwurm
     6 | D:1      | Noticed an iguana
     6 | D:1      | Noticed a wolf
     8 | D:1      | Noticed a black bear
     8 | D:1      | Noticed an anaconda
   216 | D:1      | Reached XP level 2. HP: 23/27 MP: 1/1
   578 | D:1      | Reached XP level 3. HP: 26/33 MP: 2/2
  1004 | D:2      | Reached XP level 4. HP: 40/40 MP: 3/3
  1762 | D:3      | Found an opulent altar of Gozag.
  1814 | D:3      | Noticed Robin
  1815 | D:3      | Killed from afar by an orc priest

Skill      XL: |  1  2  3  4 |
---------------+-------------+-----
Armour         | 4 |  4.7
Shields        | 4 |  4.7
Fighting       | 4 |  4.3
Axes           | 3 |  3.0
Dodging        | |  0.7

Action                   |  1- 3 |  4- 6 || total
-------------------------+-------+-------++-------
Melee: War axe           |    86 |    37 ||   123
       Headbutt          |     8 |     1 ||     9
  Use: Scroll            |       |     1 ||     1
       Potion            |       |     1 ||     1
  Eat: Chunk             |       |     3 ||     3
Armor: Scale mail        |    39 |    23 ||    62
Dodge: Dodged            |    27 |    25 ||    52
Block: Shield            |    64 |    35 ||    99
